 Dungeon Crawl Stone Soup version 0.23.2 (webtiles) character file.

Game seed: 15044773678743914646

683 Marnok the Ducker (level 7, -5/52 HPs)
             Began as a Demonspawn Gladiator on Apr 5, 2019.
             Slain by a slave (8 damage)
             ... led by Pikel
             ... on level 5 of the Dungeon.
             The game lasted 00:17:31 (4749 turns).

Marnok the Ducker (Demonspawn Gladiator)            Turns: 4749, Time: 00:17:32

Health: -5/52      AC: 14    Str: 14 (16) XL:     7   Next: 35%
Magic:  0/7        EV: 14    Int:  8 (11) God:
Gold:   151        SH:  0    Dex: 13 (15) Spells: 6/6 levels left

rFire    . . .     SeeInvis .   j - +2 dagger (protect)
rCold    . . .     Gourm    .   (no shield)
rNeg     . . .     Faith    .   b - +0 leather armour
rPois    .         Spirit   +   (helmet restricted)
rElec    .         Reflect  .   e - +0 cloak (curse)
rCorr    .         Harm     .   (no gloves)
MR       .....                  (no boots)
Stlth    ++........             (no amulet)
HPRegen  0.17/turn              q - ring of wizardry
MPRegen  0.10/turn              h - +3 ring of protection

@: lethally poisoned (-5 -> -6), protection aura
A: horns 1, clever 1, deterioration 1, evolution 1, magic shield
a: no special abilities


You were on level 5 of the Dungeon.
You were not hungry.

You visited 1 branch of the dungeon, and saw 5 of its levels.

You collected 151 gold pieces.

Inventory:

Hand Weapons
 a - a +0 quarterstaff
 j - a +2 dagger of protection (weapon)
 k - a cursed -3 whip
 n - a +1 trident of piercing
 s - the +8 whip "Tykkof" {venom, Str+3, unknown}
   (You found it on level 5 of the Dungeon)

   It poisons the flesh of those it strikes.
   It affects your strength (+3).
Missiles
 d - 2 throwing nets (quivered)
Armour
 b - a +0 leather armour (worn)
 c - a +1 helmet
 e - a cursed +0 cloak (worn)
Jewellery
 h - a +3 ring of protection (right hand)
 m - an uncursed ring of protection from fire
 q - a ring of wizardry (left hand)
Wands
 g - a wand of iceblast (7)
Scrolls
 i - 3 scrolls of enchant armour
 o - a scroll of immolation
 p - 2 scrolls of remove curse
Comestibles
 f - 5 rations
 l - 10 chunks of flesh


   Skills:
 + Level 3.3 Fighting
 + Level 3.2 Short Blades
 + Level 3.4 Staves
 + Level 1.8 Throwing
 + Level 2.7 Armour
 + Level 4.7 Dodging
 + Level 2.1 Stealth


You had 6 spell levels left.
You didn't know any spells.
Your spell library was empty.

Dungeon Overview and Level Annotations

Branches:
Dungeon (5/15)             Temple (0/1) D:5

Altars:
Cheibriados
Elyvilon
Ru
Trog
Xom
Yredelemnul
Zin
The Shining One

Annotations:
D:5 Pikel


Innate Abilities, Weirdness & Mutations

You have a pair of small horns on your head.
When hurt, damage is shared between your health and your magic reserves.
Your mind is acute. (Int +2)
Your body sometimes deteriorates upon taking damage.
You evolve.


Message History

You feel sick. The giant cockroach closely misses you.
The slave hits you but does no damage. The slave closely misses you.
You barely miss the giant cockroach.
The giant cockroach is almost dead.
The giant cockroach bites you.
* * * LOW HITPOINT WARNING * * *
The slave hits you but does no damage. The slave barely misses you.
You hit the giant cockroach.
You kill the giant cockroach!
The slave misses you.
You closely miss the slave. The slave hits you but does no damage.
You hit the slave but do no damage.
You feel sick. The slave closely misses you. The slave completely misses you.
You hit the slave.
The slave is lightly wounded.
The slave hits you but does no damage. x2
You hit the slave.
The slave is moderately wounded.
The slave closely misses you. The slave hits you!
You die...

>.. ##
.# ..#.
.# ....
?.
##..?#?#
..§#..#
.§§§#
#p§§#
#@§§#
#p§§#
#§§§#
##..#
### ##


You could see 2 slaves.

Vanquished Creatures
  Grinder (D:3)
  A phantom (D:3)
  2 hounds
  Ijyb (D:3)
  An iguana (D:4)
  2 worker ants (D:4)
  Robin (D:4)
  8 adders
  7 gnolls
  2 oozes (D:1)
  2 worms (D:3)
  3 dart slugs (D:1)
  5 leopard geckos
  An orc (D:3)
  3 ball pythons
  8 bats
  19 giant cockroaches
  12 goblins
  9 hobgoblins
  2 jackals (D:4)
  4 quokkas
  2 frilled lizards (D:3)
  5 kobolds
  5 rats
106 creatures vanquished.

Notes
Turn   | Place    | Note
-------+----------+-------------------------------------------
     0 | D:1      | Marnok the Demonspawn Gladiator began the quest for the
                  | Orb.
     0 | D:1      | Reached XP level 1. HP: 16/16 MP: 1/1
   220 | D:1      | Gained mutation: When hurt, damage is shared between your
                  | health and your magic reserves. [demonic ancestry]
   220 | D:1      | Reached XP level 2. HP: 22/22 MP: 2/2
   413 | D:1      | Reached skill level 3 in Dodging
   413 | D:1      | Reached XP level 3. HP: 24/27 MP: 3/3
   980 | D:2      | Found a shimmering altar of Xom.
   981 | D:2      | Noticed an angel
   982 | D:2      | Found a glowing silver altar of Zin.
  1340 | D:3      | Reached XP level 4. HP: 30/34 MP: 4/4
  1356 | D:3      | Noticed a phantom
  1432 | D:3      | Killed a phantom
  1432 | D:3      | Reached skill level 1 in Short Blades
  1432 | D:3      | Reached skill level 1 in Armour
  1432 | D:3      | Reached XP level 5. HP: 14/40 MP: 2/5
  1692 | D:3      | Found a white marble altar of Elyvilon.
  2012 | D:3      | Noticed Grinder
  2023 | D:3      | Gained mutation: Your mind is acute. (Int +2) [potion of
                  | mutation]
  2023 | D:3      | Gained mutation: Your body sometimes deteriorates upon
                  | taking damage. [potion of mutation]
  2023 | D:3      | Gained mutation: You evolve. [potion of mutation]
  2023 | D:3      | Paralysed by Grinder for 5 turns
  2078 | D:3      | Killed Grinder
  2078 | D:3      | Reached skill level 1 in Stealth
  2078 | D:3      | Reached XP level 6. HP: 20/47 MP: 3/6
  2787 | D:3      | Noticed Ijyb
  2865 | D:3      | Killed Ijyb
  2865 | D:3      | Reached skill level 4 in Dodging
  3820 | D:4      | Gained mutation: You have a pair of small horns on your
                  | head. [demonic ancestry]
  3820 | D:4      | Reached XP level 7. HP: 52/52 MP: 7/7
  4083 | D:4      | Found a snail-covered altar of Cheibriados.
  4259 | D:4      | Found a bloodstained altar of Trog.
  4316 | D:4      | Found a sacrificial altar of Ru.
  4343 | D:4      | Found a basalt altar of Yredelemnul.
  4511 | D:4      | Found a glowing golden altar of the Shining One.
  4541 | D:4      | Noticed Robin
  4557 | D:4      | Killed Robin
  4661 | D:5      | Entered Level 5 of the Dungeon
  4667 | D:5      | Noticed Pikel
  4674 | D:5      | Got a crude whip
  4726 | D:5      | Found a staircase to the Ecumenical Temple.
  4749 | D:5      | Slain by a slave

Skill      XL: |  1  2  3  4  5  6 |
---------------+-------------------+-----
Staves         | 3 |  3.4
Dodging        | 3 4 |  4.7
Short Blades   | 1 2 3 |  3.2
Armour         | 1 2 |  2.7
Fighting       | 3 |  3.3
Stealth        | 1 2 |  2.1
Throwing       | |  1.8

Action                   |  1- 3 |  4- 6 |  7- 9 || total
-------------------------+-------+-------+-------++-------
Melee: Quarterstaff      |    61 |       |       ||    61
       Dagger            |    89 |   449 |   152 ||   690
       Headbutt          |       |       |    24 ||    24
Throw: Throwing net      |       |     1 |       ||     1
Evoke: Wand              |       |       |     2 ||     2
  Use: Scroll            |     2 |     3 |     6 ||    11
       Potion            |       |     7 |     3 ||    10
 Stab: Sleeping          |     2 |     1 |       ||     3
  Eat: Chunk             |     2 |     6 |     2 ||    10
       Ration            |       |     1 |       ||     1
Armor: Leather armour    |    56 |   166 |    91 ||   313
Dodge: Dodged            |   109 |   301 |   147 ||   557
